 Dungeon Crawl Stone Soup version 0.17-a0-226-ge260c71 (webtiles) character file.

125 xeno23 the Magician (level 4, -1/33 HPs)
             Began as a Draconian Wizard on Mar 28, 2015.
             Slain by a worker ant (3 damage)
             ... on level 4 of the Dungeon.
             The game lasted 00:11:59 (1627 turns).

xeno23 the Magician (Draconian Wizard)              Turns: 1627, Time: 00:11:59

Health: -1/33      AC:  7    Str:  9    XL:     4   Next: 82%
Magic:  8/9        EV: 12    Int: 20    God:
Gold:   74         SH:  0    Dex:  9    Spells: 4 memorised, 1 level left

rFire  . . .     SeeInvis .     g - +1 hand axe (elec)
rCold  . . .     Clarity  .     (armour unavailable)
rNeg   . . .     SustAb   .     (no shield)
rPois  .         Gourm    .     b - +0 hat
rElec  .         Spirit   .     x - +0 cloak
rCorr  .         Warding  .     m - +0 pair of gloves
rMut   +         Stasis   .     (no boots)
MR     .....                    s - amulet of resist mutation
Stlth  ++........               (no ring)
                                (no ring)

@: lethally poisoned (-1 -> -3), flying, not resistant to hostile enchantments,
unstealthy
A: unfitting armour, cold-blooded, AC +5
a: no special abilities


You were on level 4 of the Dungeon.
You were not hungry.

You visited 1 branch of the dungeon, and saw 4 of its levels.

You collected 74 gold pieces.

Inventory:

Hand weapons
 g - a +1 hand axe of electrocution (weapon)
 l - a +0 hunting sling
Missiles
 o - 2 javelins (quivered)
 t - 16 poisoned needles
Armour
 b - a +0 hat (worn)
 j - a +0 shield
 m - a +0 pair of gloves (worn)
 x - a +0 cloak (worn)
Jewellery
 s - an amulet of resist mutation (around neck)
Scrolls
 h - 3 scrolls of remove curse
 k - a scroll of identify
Potions
 a - a potion of might
 f - a potion of curing {unknown}
 n - a potion of restore abilities {unknown}
 p - a potion of heal wounds {unknown}
 q - a potion of agility {unknown}
 w - a potion of magic {unknown}
Books
 c - a book of Minor Magic

   Spells                             Type                      Level
   a - Magic Dart                     Conjuration                  1
   b - Blink                          Translocation                2
   c - Call Imp                       Summoning                    2
   d - Repel Missiles                 Charms/Air                   2
   e - Slow                           Hexes                        2
   f - Conjure Flame                  Conjuration/Fire             3
   g - Mephitic Cloud                 Conjuration/Poison/Air       3
Comestibles
 d - a bread ration
 i - a chunk of flesh
 r - 2 meat rations
 u - a slice of pizza


   Skills:
 + Level 2.1 Dodging
 - Level 1.9 Stealth
 + Level 3.4 Spellcasting
 * Level 2.1 Conjurations
 * Level 2.3 Summonings
 * Level 2.2 Translocations
 * Level 0.8 Air Magic
 * Level 0.4 Poison Magic


You had one spell level left.
You knew the following spells:

 Your Spells              Type           Power        Failure   Level  Hunger
a - Magic Dart            Conj           ##..         6%          1    None
b - Blink                 Tloc           N/A          10%         2    ##.....
c - Call Imp              Summ           ##......     10%         2    ##.....
d - Mephitic Cloud        Conj/Pois/Air  #.......     30%         3    ###....


Dungeon Overview and Level Annotations

Branches:
Dungeon (4/15)
 Temple: D:4-7

Altars:


Innate Abilities, Weirdness & Mutations

Your plain brown scales are hard (AC +5).
Your body does not fit into most forms of armour.
You are cold-blooded and may be slowed by cold attacks.


Message History

Your magical contamination has completely faded away.
You take 1 damage.
You feel sick. The quokka bites you.
* * * LOW HITPOINT WARNING * * *
You take 3 damage.
The worker ant bites you.
* * * LOW HITPOINT WARNING * * *
You take 6 damage.
Drink which item? (? for menu, Esc to quit)
Okay, then.
* * * LOW HITPOINT WARNING * * *
You feel sick.
You take 1 damage.
Drink which item? (? for menu, Esc to quit)
It was a potion of flight.
You feel very buoyant.
You fly up into the air.
The quokka bites you but does no damage.
The worker ant bites you.
You die...

#...#..# .. #...#..#
.. #...#..##..
#..........
############........#.
#........W..W..g....#
#..?..S.#######.....#
#....ra.# #####.#
#####@### #.# #.# #.#
#.# #.# #.# #.# ###
#.# .. #.# #.#####.#.#
#.#<....#.#
#.......#.#


You could see a phantom, a worker ant, an adder and a quokka.

Vanquished Creatures
  Jessica (D:3)
  An adder (D:2)
  4 worms
  2 giant cockroaches (D:1)
  11 goblins
  10 hobgoblins
  6 bats
  A giant gecko (D:2)
  2 giant newts
  6 kobolds
  2 quokkas
  13 rats
59 creatures vanquished.

Vanquished Creatures (collateral kills)
  2 adders
  A worm (D:2)
  A hobgoblin (D:2)
  A giant newt (D:3)
5 creatures vanquished.

Grand Total: 64 creatures vanquished

Notes
Turn   | Place    | Note
--------------------------------------------------------------
     0 | D:1      | xeno23, the Draconian Wizard, began the quest for the Orb.
     0 | D:1      | Reached XP level 1. HP: 14/14 MP: 4/4
     3 | D:1      | Noticed an electric eel
     4 | D:1      | Noticed an electric eel
   218 | D:1      | Reached XP level 2. HP: 17/20 MP: 0/6
   222 | D:1      | Learned a level 2 spell: Blink
   225 | D:1      | Learned a level 2 spell: Call Imp
   627 | D:1      | Reached XP level 3. HP: 23/26 MP: 8/8
   634 | D:1      | Learned a level 3 spell: Mephitic Cloud
  1148 | D:2      | Reached XP level 4. HP: 33/33 MP: 5/9
  1261 | D:3      | Noticed Jessica
  1270 | D:3      | Killed Jessica
  1618 | D:4      | Noticed a phantom
  1627 | D:4      | Slain by a worker ant

Action                   |  1- 3 |  4- 6 || total
-------------------------+-------+-------++-------
Melee: Hand axe          |   100 |    26 ||   126
 Cast: Magic Dart        |    22 |    26 ||    48
       Call Imp          |     3 |     4 ||     7
       Blink             |       |     1 ||     1
  Use: Scroll            |     1 |     3 ||     4
       Potion            |       |     1 ||     1
  Eat: Chunk             |     1 |     2 ||     3
